 Dungeon Crawl Stone Soup version 0.16.1-11-g651b585 (webtiles) character file.

10721 karlm the Fighter (level 11, 0/153 HPs)
             Began as a Minotaur Berserker on Apr 6, 2015.
             Was a High Priest of Trog.
             Slain by a 19-headed hydra (8 damage)
             ... on level 2 of the Lair of Beasts.
             The game lasted 00:22:26 (9022 turns).

karlm the Fighter (Minotaur Berserker)              Turns: 9022, Time: 00:22:27

Health: 0/153      AC: 17    Str: 28    XL:     11   Next: 39%
Magic:  10/10      EV: 11    Int:  4    God:    Trog [*****.]
Gold:   519        SH:  5    Dex: 12    Spells: 0 memorised, 10 levels left

rFire  . . .     SeeInvis .     q - +3 hand axe
rCold  . . .     Clarity  .     H - +0 plate armour
rNeg   . . .     SustAb   .     D - +0 buckler
rPois  .         Gourm    .     (helmet restricted)
rElec  .         Spirit   .     (no cloak)
rCorr  .         Warding  .     z - +0 pair of gloves
rMut   .         Stasis   .     v - +0 pair of boots
MR     +....                    F - amulet "Soss" {Faith Stlth+}
Stlth  ..........               d - ring of protection from magic
                                c - ring of invisibility

@: berserking, very quick, somewhat resistant to hostile enchantments, extremely
unstealthy
A: retaliatory headbutt, horns 2
a: Burn Spellbooks, Berserk, Trog's Hand, Brothers in Arms, Renounce Religion,
Evoke Invisibility


You were on level 2 of the Lair of Beasts.
You worshipped Trog.
Trog was extremely pleased with you.
You were not hungry.

You visited 3 branches of the dungeon, and saw 12 of its levels.

You collected 519 gold pieces.

Inventory:

Hand weapons
 q - a +3 hand axe (weapon)
 E - a +0 blowgun
Missiles
 f - 18 poisoned needles
 i - 190 stones (quivered)
 k - 7 javelins
 y - 2 tomahawks
 L - a throwing net
 O - 8 silver javelins
Armour
 v - a +0 pair of boots (worn)
 z - a +0 pair of gloves (worn)
 D - a +0 buckler (worn)
 H - a +0 plate armour (worn)
Jewellery
 c - a ring of invisibility (left hand)
 d - a ring of protection from magic (right hand)
 e - an uncursed ring of fire {unknown}
 g - an uncursed amulet of resist mutation {unknown}
 F - the amulet "Soss" (around neck) {Faith Stlth+}
   (You found it on level 8 of the Dungeon)

   [amulet of faith]

   It allows you to gain divine favour quickly.
   It makes you more stealthy.
Magical devices
 C - a wand of polymorph (12)
Scrolls
 a - 5 scrolls of teleportation
 h - 2 scrolls of enchant armour {unknown}
 j - a scroll of enchant weapon
 n - 4 scrolls of magic mapping
 o - a scroll of immolation {unknown}
 r - 3 scrolls of remove curse
 w - 3 scrolls of noise {unknown}
 A - 2 scrolls of fog {unknown}
Potions
 l - a potion of flight
 m - a potion of haste {unknown}
 s - a potion of invisibility {unknown}
 B - a potion of heal wounds
 G - 2 potions of magic
 K - a potion of curing
Books
 b - a book of Envenomations

   Spells                             Type                      Level
   a - Spider Form                    Transmutation/Poison         3
   b - Alistair's Intoxication        Transmutation/Poison         4
   c - Olgreb's Toxic Radiance        Poison                       4
   d - Poisonous Cloud                Conjuration/Poison/Air       6
   Trog disapproves of the use of such an item.
Comestibles
 p - 4 meat rations
 t - 26 chunks of flesh
 u - a beef jerky


   Skills:
 * Level 11.4 Fighting
 * Level 11.3 Axes
 + Level 9.4 Armour
 + Level 9.0 Dodging
 + Level 5.6 Shields
 - Level 0.4 Spellcasting
 + Level 3.7 Evocations


You had 10 spell levels left.
You didn't know any spells.

Dungeon Overview and Level Annotations

Branches:
Dungeon (9/15)             Temple (1/1) D:7            Lair (2/8) D:9
    Orc (0/4) D:9

Altars:
Ashenzari
Cheibriados
Dithmenos
Elyvilon
Fedhas
Gozag
Kikubaaqudgha
Makhleb
Nemelex Xobeh
Okawaru
Qazlal
Ru
Sif Muna
Trog
Vehumet
Xom
Zin
The Shining One
Beogh


Innate Abilities, Weirdness & Mutations

You reflexively headbutt those who attack you in melee.
You have a pair of horns on your head.


Message History

The 17-headed hydra grows two more!
You slash the 19-headed hydra!
The 19-headed hydra is almost dead.
The 19-headed hydra bites you.
* * * LOW HITPOINT WARNING * * *
The 19-headed hydra completely misses you.
The 19-headed hydra bites you but does no damage.
You block the 19-headed hydra's attack. The 19-headed hydra barely misses you.
The 19-headed hydra barely misses you. The 19-headed hydra closely misses you.
The 19-headed hydra bites you.
* * * LOW HITPOINT WARNING * * *
The 19-headed hydra bites you but does no damage.
You block the 19-headed hydra's attack.
The 19-headed hydra bites you but does no damage.
You block the 19-headed hydra's attack.
The 19-headed hydra bites you but does no damage.
The 19-headed hydra bites you!
* * * LOW HITPOINT WARNING * * *
The 19-headed hydra bites you but does no damage.
The 19-headed hydra bites you!
You die...

.P# ###.##. .....#
##### ......## ##.#P.
........#######
##..#P.
........##PP.###[..[..
.P...................
#...................
#.D................
##@................
#.................#
#................##
#...#####P.........#
#%....P ####........
##..### ##........
.... #......... ...
##......... .
#....####..


You could see a 19-headed hydra.

Vanquished Creatures
  A hydra (D:9)
  The ghost of Trafet the Slinger, an experienced DDWz (D:7)
  Pikel (D:6)
  2 spiny frogs
  7 blink frogs (Lair:1)
  A troll (D:9)
  2 yaks (D:9)
  Eustachio (D:6)
  A wyvern (D:8)
  3 hippogriffs
  Menkaure (D:5)
  5 wolves (Lair:1)
  2 water moccasins
  A porcupine (Lair:1)
  3 sky beasts
  7 ogres
  5 orc warriors
  2 phantoms
  2 ice beasts (D:9)
  2 centaurs
  Sigmund (D:6)
  Duvessa (D:6)
  6 giant frogs
  2 crocodiles
  3 big kobolds (D:9)
  Blork the orc (D:4)
  2 scorpions
  3 wights (D:6)
  3 crimson imps
  2 goliath beetles (D:6)
  Dowan (D:6)
  A hound (D:9)
  A jelly (D:8)
  7 orc priests
  A centaur skeleton (D:9)
  A gnoll shaman (D:9)
  8 orc wizards
  10 worker ants
  Natasha (D:6)
  3 iguanas
  12 sheep
  Ijyb (D:2)
  A hound zombie (D:5)
  12 gnolls
  20 adders
  12 river rats
  A giant mite (D:6)
  2 shadow imps
  3 worms (D:2)
  5 giant geckos
  An ooze (D:1)
  51 orcs
  20 bats
  A bat skeleton (D:4)
  12 goblins
  16 hobgoblins
  6 jackals
  7 quokkas
  3 ball pythons
  A giant gecko skeleton (D:9)
  5 giant newts
  A jackal skeleton (D:4)
  10 kobolds
  15 rats
  2 fungi (D:9)
  2 plants
330 creatures vanquished.

Vanquished Creatures (others)
  2 slaves (D:6)
  A crimson imp (D:6)
  A giant frog skeleton (D:6)
  2 fungi (D:9)
6 creatures vanquished.

Grand Total: 336 creatures vanquished

Notes
Turn   | Place    | Note
--------------------------------------------------------------
     0 | D:1      | karlm, the Minotaur Berserker, began the quest for the Orb.
     0 | D:1      | Reached XP level 1. HP: 19/19 MP: 1/1
    82 | D:1      | Reached XP level 2. HP: 17/27 MP: 1/1
   137 | D:1      | Reached skill level 4 in Fighting
   204 | D:1      | Reached XP level 3. HP: 29/33 MP: 2/2
   359 | D:1      | Acquired Trog's second power
   538 | D:2      | Reached XP level 4. HP: 31/40 MP: 2/2
   923 | D:2      | Noticed Ijyb
   939 | D:2      | Killed Ijyb
  1215 | D:2      | Reached XP level 5. HP: 17/47 MP: 2/2
  1823 | D:3      | Reached skill level 5 in Fighting
  1823 | D:3      | Reached XP level 6. HP: 51/56 MP: 3/3
  1830 | D:3      | Reached skill level 5 in Axes
  2549 | D:4      | Reached skill level 5 in Armour
  2549 | D:4      | Reached skill level 5 in Dodging
  2549 | D:4      | Reached XP level 7. HP: 24/61 MP: 3/3
  2717 | D:4      | Noticed Blork the orc
  2730 | D:4      | Killed Blork the orc
  2893 | D:5      | Entered Level 5 of the Dungeon
  3052 | D:5      | Noticed Menkaure
  3067 | D:5      | Killed Menkaure
  3067 | D:5      | Reached skill level 6 in Fighting
  3372 | D:5      | Acquired Trog's third power
  3372 | D:5      | Reached XP level 8. HP: 58/71 MP: 3/3
  3839 | D:6      | Noticed Sigmund
  3879 | D:6      | HP: 1/71 [worker ant (6)]
  3882 | D:6      | Reached skill level 7 in Fighting
  4219 | D:6      | Killed Sigmund
  4276 | D:6      | Noticed Pikel
  4287 | D:6      | Killed Pikel
  4299 | D:6      | Reached XP level 9. HP: 41/81 MP: 4/4
  4559 | D:6      | Noticed Eustachio
  4568 | D:6      | Killed Eustachio
  4568 | D:6      | Reached skill level 8 in Fighting
  4786 | D:6      | Noticed Natasha
  4791 | D:6      | Killed Natasha
  4903 | D:6      | Noticed Duvessa
  4908 | D:6      | Noticed Dowan
  4909 | D:6      | Killed Duvessa
  4915 | D:6      | Killed Dowan
  5081 | D:7      | Reached skill level 1 in Shields
  5097 | D:7      | Found a staircase to the Ecumenical Temple.
  5145 | Temple   | Entered the Ecumenical Temple
  5663 | D:7      | Noticed Trafet's ghost (experienced DDWz)
  5676 | D:7      | Killed Trafet's ghost
  5676 | D:7      | Reached skill level 9 in Fighting
  5676 | D:7      | Reached skill level 1 in Evocations
  5960 | D:8      | Reached XP level 10. HP: 84/91 MP: 6/6
  6225 | D:8      | Got a twitching jade amulet
  6227 | D:8      | Identified the amulet "Soss" {Faith Stlth+} (You found it on level 8 of the Dungeon)
  6381 | D:9      | Found a staircase to the Lair.
  6769 | D:9      | Received a gift from Trog
  6775 | D:9      | Reached skill level 10 in Fighting
  7039 | D:9      | Reached skill level 10 in Axes
  7059 | D:9      | Found a roughly hewn altar of Beogh.
  7061 | D:9      | Received a gift from Trog
  7080 | D:9      | Found a staircase to the Orcish Mines.
  7228 | D:9      | Noticed a two-headed hydra
  7247 | D:9      | Killed a ten-headed hydra
  7400 | Lair:1   | Entered Level 1 of the Lair of Beasts
  7503 | Lair:1   | Reached XP level 11. HP: 51/101 MP: 9/9
  7696 | Lair:1   | Reached skill level 11 in Fighting
  7878 | Lair:1   | Reached skill level 5 in Shields
  8769 | Lair:2   | Found an ancient bone altar of Kikubaaqudgha.
  9000 | Lair:2   | Noticed a four-headed hydra
  9022 | Lair:2   | Slain by a 19-headed hydra

Action                   |  1- 3 |  4- 6 |  7- 9 | 10-12 || total
-------------------------+-------+-------+-------+-------++-------
Melee: Hand axe          |    75 |   172 |   320 |   467 ||  1034
Invok: Berserk           |       |     2 |     9 |     5 ||    16
  Use: Scroll            |     2 |     1 |    10 |       ||    13
       Potion            |       |       |     3 |       ||     3
  Eat: Chunk             |       |     6 |    22 |    14 ||    42
